 Dungeon Crawl Stone Soup version 0.22-a0-161-g198051cff3 (console) character file.

69 Muffindrake the Sneak (level 4, -2/33 HPs)
             Began as a Vampire Assassin on Feb 11, 2018.
             Slain by a goblin
             ... wielding a +0 club
             ... led by Robin
              (6 damage)
             ... on level 2 of the Dungeon.
             The game lasted 00:05:22 (1023 turns).

Muffindrake the Sneak (Vampire Assassin)            Turns: 1023, Time: 00:05:23

Health: -2/33      AC:  3    Str: 10    XL:     4   Next: 2%
Magic:  4/4        EV: 12    Int: 13    God:
Gold:   12         SH:  0    Dex: 16    Spells: 3/3 levels left

rFire    . . .     SeeInvis +   a - +2 dagger
rCold    . . .     Gourm    .   (no shield)
rNeg     + . .     Faith    .   h - +0 robe
rPois    .         Spirit   .   (no helmet)
rElec    .         Reflect  .   d - +0 cloak
rCorr    .         Harm     .   (no gloves)
MR       .....                  (no boots)
Stlth    ++++......             (no amulet)
HPRegen  0.11/turn              (no ring)
MPRegen  0.09/turn              (no ring)

@: no status effects
A: fangs 3, see invisible, unbreathing
a: Bat Form


You were on level 2 of the Dungeon.
You were not thirsty.

You visited 1 branch of the dungeon, and saw 2 of its levels.

You collected 12 gold pieces.

Inventory:

Hand Weapons
 a - a +2 dagger (weapon)
 b - a +0 blowgun
Missiles
 e - 8 poisoned needles
 f - 2 curare-tipped needles
Armour
 d - a +0 cloak (worn)
 h - a +0 robe (worn)
Potions
 g - 11 potions of blood


   Skills:
 + Level 2.1 Fighting
 * Level 3.0 Short Blades
 + Level 1.8 Throwing
 * Level 1.8 Dodging
 + Level 7.0 Stealth


You had 3 spell levels left.
You didn't know any spells.

Dungeon Overview and Level Annotations

Branches:
Dungeon (2/15)

Altars:

Annotations:
D:2 Robin, Sigmund


Innate Abilities, Weirdness & Mutations

You have razor-sharp teeth.
You have supernaturally acute eyesight. (SInv)
You can survive without breathing.


Message History

The goblin is severely wounded.
The goblin hits you with a dagger! Robin hits you with a mace.
* * * LOW HITPOINT WARNING * * *
Sigmund closely misses you. The goblin hits you but does no damage.
You hit the goblin.
You kill the goblin!
The goblin no longer looks unusually strong.
The goblin misses you. The goblin closely misses you.
Robin roars a battlecry!
The goblins go into a battle-frenzy!
The goblin no longer looks unusually strong. x2
The goblin hits you but does no damage.
Robin roars a battlecry!
The goblins go into a battle-frenzy!
Items here: ( ))) a club x2; a hunting sling; 21 stones You fail to use your ability.
The goblin barely misses you. Robin throws the goblin at you!
* * * LOW HITPOINT WARNING * * *
You barely miss the goblin. The goblin hits you with a club.
You die...

..... .# # ....
.#.# ... #.#.##
##.. .....# #..
.....# #.# #.....#
####.#####@.....#.
#....g@ggg)......[
#[##.###g.#.......
#.##.##..########.
#.####..## #.#
#..# #.##..#
...... ###.#


You could see Sigmund (invisible), Robin and 4 goblins.

Vanquished Creatures
  Jessica (D:2)
  An ooze (D:1)
  2 leopard geckos (D:1)
  A giant cockroach (D:1)
  10 goblins
  7 hobgoblins (D:1)
  A jackal (D:1)
  2 kobolds (D:1)
  4 bats (D:1)
  A frilled lizard (D:1)
  4 rats (D:1)
34 creatures vanquished.

Notes
Turn   | Place    | Note
-------+----------+-------------------------------------------
     0 | D:1      | Muffindrake the Vampire Assassin began the quest for the Orb.
     0 | D:1      | Reached XP level 1. HP: 16/16 MP: 1/1
    26 | D:1      | Reached skill level 6 in Stealth
   530 | D:1      | Reached XP level 2. HP: 22/22 MP: 2/2
   739 | D:1      | Reached XP level 3. HP: 18/27 MP: 3/3
   966 | D:2      | Noticed Jessica
   971 | D:2      | Killed Jessica
   995 | D:2      | Noticed Robin
  1006 | D:2      | Noticed Sigmund
  1007 | D:2      | Reached skill level 7 in Stealth
  1013 | D:2      | Reached XP level 4. HP: 29/33 MP: 4/4
  1023 | D:2      | Slain by a goblin

Vault maps used:
D:1:      denvon_arrival_planthouse, st_stairs_3
D:2:      uniq_jessica, uniq_sigmund, uniq_terence, uniq_robin,
          uniq_crazy_yiuf_cottage

Skill      XL: |  1  2  3 |
---------------+----------+-----
Stealth        | 6 7 |  7.0
Fighting       | 2 |  2.1
Short Blades   | 3 |  3.0
Throwing       | |  1.8
Dodging        | |  1.8

Action                   |  1- 3 |  4- 6 || total
-------------------------+-------+-------++-------
Melee: Dagger            |    89 |     7 ||    96
       Bite              |    11 |     1 ||    12
  Use: Scroll            |     3 |       ||     3
       Potion            |     3 |       ||     3
 Stab: Sleeping          |     6 |       ||     6
Armor: Robe              |    14 |     1 ||    15
Dodge: Dodged            |    45 |    10 ||    55

Table legend:
 A = Spawn XP
 B = Non-spawn XP
 C = Spawn XP percentage of total XP
 D = Spawn monster count
 E = Non-spawn monster count
 F = Spawn count percentage of total count
 G = Total turns spent on level
                    A         B        C        D         E        F      G
               +---------+---------+-------+---------+---------+-------+---------
         Total |       0 |      99 |   0.0 |       0 |      34 |   0.0 |  1023
               +---------+---------+-------+---------+---------+-------+---------
           D:1 |       0 |      49 |   0.0 |       0 |      26 |   0.0 |   966
           D:2 |       0 |      50 |   0.0 |       0 |       8 |   0.0 |    57
               +---------+---------+-------+---------+---------+-------+---------
